 Dungeon Crawl Stone Soup version 0.21-a0-538-gd16b88a (webtiles) character file.

6 esteth the Grasshopper (level 1, -1/17 HPs)
             Began as a Barachi Warper on Dec 15, 2017.
             Slain by a goblin
             ... wielding a +0 club
              (4 damage)
             ... on level 1 of the Dungeon.
             The game lasted 00:00:45 (200 turns).

esteth the Grasshopper (Barachi Warper)              Turns: 200, Time: 00:00:46

Health: -1/17      AC:  3    Str: 12    XL:     1   Next: 90%
Magic:  3/3        EV: 12    Int: 13    God:
Gold:   4          SH:  0    Dex: 11    Spells: 4/4 levels left

rFire    . . .     SeeInvis .   a - +0 falchion
rCold    . . .     Gourm    .   (no shield)
rNeg     . . .     Faith    .   b - +0 leather armour
rPois    .         Spirit   .   (no helmet)
rElec    .         Reflect  .   (no cloak)
rCorr    .         Harm     .   (no gloves)
MR       .....                  (no boots)
Stlth    +.........             (no amulet)
HPRegen  0.05/turn              (no ring)
MPRegen  0.08/turn              (no ring)

@: slow
A: +LOS, swims, slowness 1, strong legs 1
a: Hop


You were on level 1 of the Dungeon.
You were not hungry.

You visited 1 branch of the dungeon, and saw 1 of its levels.

You collected 4 gold pieces.

Inventory:

Hand Weapons
 a - a +0 falchion (weapon)
Missiles
 e - 5 tomahawks of dispersal (quivered)
Armour
 b - a +0 leather armour (worn)
Scrolls
 d - a scroll of blinking
 i - a scroll of teleportation {unknown}
Books
 c - a book of Spatial Translocations

   Spells                             Type                      Level
   a - Blink                          Translocation                2
   b - Shroud of Golubria             Charms/Translocation         2
   c - Lesser Beckoning               Translocation                3
   d - Gell's Gravitas                Translocation                3
   e - Teleport Other                 Translocation                3
   f - Passage of Golubria            Translocation                4
Comestibles
 f - a bread ration
 g - 2 chunks of flesh
 h - a meat ration


   Skills:
 + Level 2.6 Fighting
 - Level 2.4 Long Blades
 - Level 1.0 Throwing
 + Level 1.6 Armour
 + Level 2.4 Dodging
 - Level 2.1 Spellcasting
   Level 3.2 Translocations


You had 4 spell levels left.
You didn't know any spells.

Dungeon Overview and Level Annotations

Branches:
Dungeon (1/15)

Altars:


Innate Abilities, Weirdness & Mutations

Shadows flee at your approach. (+LOS)
You can swim through water.
You cover ground slowly.
You can hop short distances.


Message History

You are too injured to fight recklessly!
You are too injured to fight recklessly!
You are too injured to fight recklessly!
You are too injured to fight recklessly!
You are too injured to fight recklessly!
You are too injured to fight recklessly!
You are too injured to fight recklessly!
You see here a club.
The goblin completely misses you. The goblin closely misses you.
The goblin hits you with a club.
* * * LOW HITPOINT WARNING * * *
The goblin hits you but does no damage. The goblin hits you but does no damage.
The goblin hits you but does no damage. The goblin hits you with a club.
* * * LOW HITPOINT WARNING * * *
There is a stone staircase leading down here.
The goblin hits you but does no damage. The goblin hits you with a club.
You die...

##+### #.....#......'.......
#....# #.....#.....(########
#....# ###.....#...[..# #.....
#....####.......#......# #.....
#....#..'.......#......# #####.
#....#.##.......######## #.##.
#....#.####.....# #..#.
###....#.####..g..###########..#.
..............gg@...........#..#.
...................####+###.#..#.
###..........#.....# #.#....)...
#..........#.....####.###.#####
#..........#.....##..<..#......
#..........##+#######.#######.#
##+#+#..##.# +.............+.#
........# ####.#####.####.#
+........# #.#####.##...#


You could see a gnoll and 2 goblins.

Vanquished Creatures
  A hobgoblin (D:1)
  2 bats (D:1)
  2 kobolds (D:1)
  2 rats (D:1)
7 creatures vanquished.

Notes
Turn   | Place    | Note
-------+----------+-------------------------------------------
     0 | D:1      | esteth the Barachi Warper began the quest for the Orb.
     0 | D:1      | Reached XP level 1. HP: 17/17 MP: 3/3
   200 | D:1      | Slain by a goblin

Vault maps used:
D:1:      shiori_shiawase

Action                   || total
-------------------------++-------
Melee: Falchion          ||    15
Armor: Leather armour    ||     8
Dodge: Dodged            ||    19
       Rpst.: Falchion   ||     8

Table legend:
 A = Spawn XP
 B = Non-spawn XP
 C = Spawn XP percentage of total XP
 D = Spawn monster count
 E = Non-spawn monster count
 F = Spawn count percentage of total count
 G = Total turns spent on level
                    A         B        C        D         E        F      G
               +---------+---------+-------+---------+---------+-------+---------
         Total |       0 |       9 |   0.0 |       0 |       7 |   0.0 |   200
               +---------+---------+-------+---------+---------+-------+---------
           D:1 |       0 |       9 |   0.0 |       0 |       7 |   0.0 |   200
               +---------+---------+-------+---------+---------+-------+---------
